 Dungeon Crawl Stone Soup version 0.30-a0-737-gf23d94013f (webtiles) character file.

Game seed: 5943711205869436108

14 cowhearter the Trooper (level 2, 0/24 HPs)
             Began as a Demonspawn Monk on Feb 2, 2023.
             Slain by a giant cockroach (2 damage)
             ... on level 1 of the Dungeon.
             The game lasted 00:01:42 (305 turns).

cowhearter the Trooper (Demonspawn Monk)             Turns: 305, Time: 00:01:42

Health: 0/24       AC:  2    Str: 11    XL:     2   Next: 31%
Magic:  2/2        EV: 13    Int: 13    God:
Gold:   10         SH:  0    Dex: 15    Spells: 1/1 levels left

rFire   . . .      SeeInvis .    a - +0 short sword
rCold   . . .      Faith    .    (no shield)
rNeg    . . .      Spirit   .    b - +0 robe
rPois   .          Reflect  .    (no helmet)
rElec   .          Harm     .    (no cloak)
rCorr   .          Rampage  .    (no gloves)
Will    .....                    (no boots)
Stlth   ++                       (no amulet)
HPRegen 0.24/turn                (no ring)
MPRegen 0.08/turn                (no ring)

@: no status effects
A: big brain 1
a: no special abilities


You were on level 1 of the Dungeon.
You visited 1 branch of the dungeon, and saw 2 of its levels.

You collected 10 gold pieces.

Inventory:

Hand Weapons
 a - a +0 short sword (weapon)
Armour
 b - a +0 robe (worn)
Scrolls
 f - 2 scrolls of identify {unknown}
Potions
 c - a potion of ambrosia
 d - a potion of invisibility {unknown}
 e - a potion of resistance {unknown}


   Skills:
 * Level 3.1 Fighting
 - Level 3.0 Short Blades
 * Level 2.8 Dodging
 - Level 2.0 Stealth


You had one spell level left.
You didn't know any spells.
Your spell library was empty.

Dungeon Overview and Level Annotations

Branches:
Dungeon (2/15)

Altars:


Innate Abilities, Weirdness & Mutations

You have an unusually large brain. (Int +2)


Message History

The bat completely misses you. The bat hits you. The hobgoblin hits you.
The kobold hits you but does no damage.
You hit the kobold.
You kill the kobold!
The bat barely misses you. The bat closely misses you.
You hit the hobgoblin.
The hobgoblin is severely wounded.
The bat closely misses you. The bat hits you. The hobgoblin hits you.
The goblin hits you with a +0 club.
You barely miss the hobgoblin.
The hobgoblin is severely wounded.
The bat hits you but does no damage.
The hobgoblin hits you but does no damage.
The goblin hits you with a +0 club.
You barely miss the hobgoblin.
The hobgoblin is severely wounded.
The bat closely misses you. The giant cockroach closely misses you.
The hobgoblin misses you. The goblin misses you.
You barely miss the hobgoblin.
The hobgoblin is severely wounded.
The bat hits you. The giant cockroach bites you. The hobgoblin hits you.
* * * LOW HITPOINT WARNING * * *
The bat barely misses you. The goblin closely misses you.
You hit the hobgoblin.
The hobgoblin is almost dead.
The bat barely misses you. The bat hits you but does no damage.
The giant cockroach completely misses you.
You hit the hobgoblin.
You kill the hobgoblin!
The bat hits you but does no damage. x2; The goblin closely misses you.
The giant cockroach misses you.
You hit the goblin.
The goblin is severely wounded.
The bat closely misses you. The bat barely misses you.
The giant cockroach barely misses you. The goblin hits you with a +0 club.
* * * LOW HITPOINT WARNING * * *
You hit the goblin.
You kill the goblin!
The bat barely misses you. The giant cockroach bites you.
You die...

###.##......
#..........#
#..........#
#..........#
#..?.......#
#..........#
#..bb).....#
.####...@......#
........#B........
........###..#.........
....... #..#.........
....... ##..#.........
...... ##...#####+####
#....###..........
#.....##.#...(....
..#...#.#..#........


You could see a giant cockroach and 2 bats.

Vanquished Creatures
  An endoplasm (D:1)
  2 giant cockroaches (D:2)
  2 goblins (D:1)
  3 hobgoblins
  3 kobolds
  A bat (D:1)
  A rat (D:2)
13 creatures vanquished.

Vanquished Creatures (others)
  A fungus (D:1)
1 creature vanquished.

Grand Total: 14 creatures vanquished

Notes
Turn   | Place    | Note
-------+----------+-------------------------------------------
     0 | D:1      | cowhearter the Demonspawn Monk began the quest for the Orb.
     0 | D:1      | Reached XP level 1. HP: 18/18 MP: 1/1
    11 | D:1      | You fall into a shaft and drop 1 floor!
   128 | D:1      | Gained mutation: You have an unusually large brain. (Int
                  | +2) [demonic ancestry]
   128 | D:1      | Reached XP level 2. HP: 8/24 MP: 2/2
   304 | D:1      | HP: 1/24 [goblin/+0 club (4)]
   305 | D:1      | Slain by a giant cockroach

Illustrated notes

Levels and vault maps discovered:
D:1:      lightli_arrival_windingriver, layout_basic,
          dreamdust_ecumenical_altar_grove
D:2:      cheibrodos_greedy_goblins, layout_loops_ring,
          kennysheep_cluttered_room, minivault_14

Skill      XL: |  1  2 |
---------------+-------+-----
Stealth        | 2 |  2.0
Short Blades   | 3 |  3.0
Fighting       | |  3.1
Dodging        | |  2.8

Action                     || total
---------------------------++-------
  Melee: Short sword       ||    55
   Stab: Sleeping          ||     1
 Armour: Robe              ||    21
  Dodge: Dodged            ||    43

Table legend: (Time is in decaauts)
 A = Elapsed time spent in this place.
 B = Non-inter-level travel time spent in this place.
 C = Inter-level travel time spent in this place.
 D = Time resting spent in this place.
 E = Time spent auto-exploring this place.
 F = Levels seen in this place.
 G = Mean time per level.
                   A        B        C        D        E       F      G
               +--------+--------+--------+--------+--------+-----+--------+
         Total |    300 |    300 |      0 |     94 |    105 |   2 |  150.0 |
       Dungeon |    300 |    300 |      0 |     94 |    105 |   2 |  150.0 |
               +--------+--------+--------+--------+--------+-----+--------+

Top non-repeatable levels by time:
     D:2: 172 daAuts
     D:1: 128 daAuts
